 Dungeon Crawl Stone Soup version 0.29.1-2-gbd0b4ee654 (webtiles) character file.

Game seed: 11304468809364824662

821 KittyFluff the Cudgeller (level 7, -3/44 HPs)
             Began as a Gargoyle Berserker on Oct 31, 2022.
             Was a Priest of Trog.
             Killed from afar by a steam dragon (8 damage)
             ... with a ball of steam
             ... on level 7 of the Dungeon.
             The game lasted 00:15:14 (3698 turns).

KittyFluff the Cudgeller (Gargoyle Berserker)       Turns: 3698, Time: 00:15:15

Health: -3/44      AC: 12    Str: 21    XL:     7   Next: 95%
Magic:  0/7        EV: 12    Int:  7    God:    Trog [***...]
Gold:   182        SH:  0    Dex: 11    Spells: 6/6 levels left

rFire   . . .      SeeInvis .   D - +2 mace (protect)
rCold   . . .      Faith    .   (no shield)
rNeg    + . .      Spirit   +   b - +0 animal skin
rPois   ∞          Reflect  .   z - +0 helmet
rElec   +          Harm     .   (no cloak)
rCorr   .          Rampage  .   (no gloves)
Will    .....                   (no boots)
Stlth   ++........              B - amulet of guardian spirit
HPRegen 0.14/turn               A - +4 ring of protection
MPRegen 0.10/turn               (no ring)

@: on berserk cooldown, slowed, very slow
A: sickness immunity, AC +4, negative energy resistance 1, electricity
resistance, torment resistance 1, petrification resistance
a: Renounce Religion, Berserk, Trog's Hand


You were on level 7 of the Dungeon.
You worshipped Trog.
Trog was most pleased with you.
You visited 1 branch of the dungeon, and saw 5 of its levels.

You collected 182 gold pieces.

Inventory:

Hand Weapons
 D - a +2 mace of protection (weapon)
Missiles
 g - 5 atropa-tipped darts
 x - 5 poisoned darts (quivered)
Armour
 b - a +0 animal skin (worn)
 c - a +0 leather armour
 z - a +0 helmet (worn)
Jewellery
 A - a +4 ring of protection (left hand)
 B - an amulet of guardian spirit (around neck)
 G - a ring of willpower
Wands
 v - a wand of digging (2)
 E - a wand of mindburst (12)
 I - a wand of charming (9)
Scrolls
 f - a scroll of noise {unknown}
 h - 2 scrolls of identify {unknown}
 j - 2 scrolls of teleportation
 k - 2 scrolls of amnesia {unknown}
 n - 2 scrolls of magic mapping {unknown}
 o - 2 scrolls of poison {unknown}
 q - 2 scrolls of silence {unknown}
 s - 2 scrolls of vulnerability {unknown}
 t - a scroll of enchant armour {unknown}
 y - a scroll of blinking {unknown}
 C - a scroll of summoning {unknown}
 H - a scroll of butterflies {unknown}
Potions
 a - a potion of invisibility {unknown}
 d - 2 potions of haste {unknown}
 e - 2 potions of magic {unknown}
 i - 2 potions of attraction {unknown}
 l - a potion of heal wounds {unknown}
 m - 2 potions of curing {unknown}
 p - a potion of mutation {unknown}
 r - a potion of ambrosia {unknown}
 u - a potion of resistance
 w - a potion of lignification {unknown}
 F - a potion of might {unknown}


   Skills:
 + Level 4.9 Fighting
 + Level 6.4 Maces & Flails
 + Level 0.7 Throwing
 * Level 4.5 Armour
 + Level 3.1 Dodging
 + Level 1.5 Stealth


You had 6 spell levels left.
You didn't know any spells.
Your spell library was empty.

Dungeon Overview and Level Annotations

Branches:
Dungeon (7/15)
 Temple: D:4-7

Altars:

Shops:
D:1 =

Annotations:
D:7 2 transporters


Innate Abilities, Weirdness & Mutations

You are immune to sickness and miasma.
Your stone body is resilient. (AC +4)
You are immune to poison.
You resist negative energy. (rN+)
You are resistant to electric shocks. (rElec)
You are resistant to unholy torment.
You are immune to petrification.


Message History

The orc warrior is moderately wounded.
A red film seems to cover your vision as you go berserk!
You feel yourself moving faster!
You feel mighty! The orc warrior closely misses you.
You sock the orc warrior!
The orc warrior is heavily wounded.
You sock the orc warrior!
The orc warrior is almost dead.
You closely miss the orc warrior.
The orc warrior is almost dead.
The orc warrior barely misses you.
You sock the orc warrior!
You kill the orc warrior!
Trog accepts your kill.
You sock something! You sock something! Trog accepts your kill.
Trog appreciates your killing of a magic user.
Reactivating autopickup.
You feel a bit more experienced. The orc hits you but does no damage.
Items here: ))) [[[ †.
You sock the orc!
You kill the orc!
Trog accepts your kill.
Things that are here:
a +0 club; an orc corpse You feel a strong urge to attack something.
You are no longer berserk.
You are exhausted.
You feel yourself slow down.
A steam dragon comes into view.
The steam dragon hisses angrily.
The steam dragon breathes steam at you. The ball of steam hits you!
* * * LOW HITPOINT WARNING * * *
You hear the faint creaking of a very distant portcullis.
The steam dragon breathes steam at you. The ball of steam hits you!
You die...

#..# #......
##.## ##.......
#..# #........
##.## ..§§.....
#..# #...§....
##.#####...§....
##.##.§D.......
#.#.§§........
###.@§§§##......
##.......#
#.....
#.......## .....
#.......## ....
###......# ...
##..###..# #..
##..## ##..#
##).## #..
##)### ##.


There were no monsters in sight!

Vanquished Creatures
  Sigmund (D:3)
  A water moccasin (D:7)
  An orc warrior (D:7)
  2 scorpions
  A jelly (D:4)
  An orc priest (D:7)
  Terence (D:3)
  An iguana (D:7)
  2 orc wizards
  Robin (D:3)
  5 adders
  3 gnolls (D:3)
  2 white imps
  2 dart slugs
  4 orcs
  7 ball pythons
  2 endoplasms
  2 giant cockroaches
  12 goblins
  12 hobgoblins
  4 jackals (D:4)
  3 quokkas
  9 bats
  A frilled lizard (D:1)
  6 kobolds
  2 rats (D:1)
88 creatures vanquished.

Notes
Turn   | Place    | Note
-------+----------+-------------------------------------------
     0 | D:1      | KittyFluff the Gargoyle Berserker began the quest for the
                  | Orb.
     0 | D:1      | Reached XP level 1. HP: 14/14 MP: 1/1
   509 | D:1      | Reached XP level 2. HP: 19/19 MP: 2/2
   705 | D:1      | Found Bemelipn's Jewellery Boutique.
   864 | D:1      | Reached XP level 3. HP: 17/24 MP: 3/3
  1060 | D:2      | Noticed a scorpion
  1072 | D:2      | Reached ** piety under Trog
  1079 | D:2      | Killed a scorpion
  1080 | D:2      | Reached skill level 4 in Maces & Flails
  1080 | D:2      | Reached XP level 4. HP: 29/29 MP: 4/4
  1223 | D:2      | Reached XP level 5. HP: 32/33 MP: 5/5
  1955 | D:3      | Noticed Terence
  1968 | D:3      | Killed Terence
  2007 | D:3      | Noticed Sigmund
  2027 | D:3      | Killed Sigmund
  2028 | D:3      | Reached skill level 5 in Maces & Flails
  2028 | D:3      | Reached skill level 1 in Stealth
  2028 | D:3      | Reached XP level 6. HP: 19/39 MP: 6/6
  2320 | D:3      | Noticed Robin
  2353 | D:3      | Killed Robin
  3069 | D:4      | Reached *** piety under Trog
  3070 | D:4      | Reached XP level 7. HP: 29/44 MP: 7/7
  3502 | D:4      | You fall into a shaft and drop 3 floors!
  3576 | D:7      | Reached skill level 6 in Maces & Flails
  3616 | D:7      | Found a transporter.
  3618 | D:7      | Found a transporter.
  3692 | D:7      | Noticed a steam dragon
  3698 | D:7      | Killed from afar by a steam dragon

Illustrated notes

Levels and vault maps discovered:
D:1:      dpeg_arrival_castle, layout_loops_ring,
          shapermc_ecumenical_altar_mp_ritualfount, serial_shops,
          nicolae_shop_behind_doors
D:2:      layout_basic, minmay_misc_feat_encased
D:3:      layout_basic, serial_rivers, chequers_serial_rivers_marsh,
          chequers_serial_rivers_micro_d, chequers_serial_rivers_small_3,
          chequers_serial_rivers_micro_e, chequers_serial_rivers_room_b,
          minmay_misc_feat_roman, minmay_misc_feat_square, uniq_terence,
          uniq_sigmund, uniq_robin
D:4:      layout_loops_ring, uniq_duvessa
D:7:      layout_cave_pods, nicolae_hepliaklqana_monster_ancestors,
          nicolae_uskayaw_dance_studio, enter_bailey_3, nzn_ghost_randoct

Skill      XL: |  1  2  3  4  5  6  7 |
---------------+----------------------+-----
Fighting       | 4 |  4.9
Maces & Flails | 4 5 6 |  6.4
Dodging        | 2 3 |  3.1
Armour         | 3 4 |  4.5
Stealth        | 1 |  1.5
Throwing       | |  0.7

Action                   |  1- 3 |  4- 6 |  7- 9 || total
-------------------------+-------+-------+-------++-------
Melee: Mace              |    81 |   158 |    62 ||   301
       Punch             |     1 |     1 |     1 ||     3
Throw: Dart              |       |    12 |       ||    12
Invok: Berserk           |     1 |     2 |     1 ||     4
  Use: Scroll            |       |       |     1 ||     1
 Stab: Invisible         |       |     1 |       ||     1
       Sleeping          |       |       |     1 ||     1
Armor: Animal skin       |    33 |    84 |    24 ||   141
Dodge: Dodged            |    69 |   137 |    41 ||   247
